cohdb
Replays
Latest Replays
All Replays
Popular Replays
Top Player Replays
Match Explorer
How It Works
Community
CoH3 Stats
Reddit
Sign in to upload your games and track your stats! →
Sign in with Steam
Match 38622387
Unlisted
Match 38622387
Overview
Messages
Build Orders
End
Kettenkrad Recon Vehicle
Construct Infanterie Kompanie
Construct Infanterie Kompanie
Grenadier Squad
Grenadier Squad
GrW 34 Mortar Team
Medical Station
Construct Panzergrenadier Kompanie
Panzergrenadier Squad
Panzergrenadier Squad
Grenadier Squad
Pak 40 Anti-tank Gun Team
Construct Panzer Kompanie
Construct Panzer Kompanie
Panzer IV Medium Tank
Pak 40 Anti-tank Gun Team
Pioneer Squad
Panzer IV Medium Tank
Stoßtruppen Squad
Pioneer Squad
Stoßtruppen Squad
Sturmpanzer IV Brummbär
Panzer Officer Quarters
Panzer IV Medium Tank
Side Skirts
Pak 40 Anti-tank Gun Team
Panzer IV Medium Tank
Dejaded
SneaKerz
0
0
Comments
sign in to comment!
No comments posted yet!